AoeStats
← 17_Neo_

Arabian Desert

510290485Analyzed
1v1 RM · 1d ago on Sep 30, 2026· 40m 46s· 2 players
Game mode
Random Map
Map size
Tiny (2 player)
Population
200
Speed
Normal
Resources
Standard
Victory
Conquest
Starting age
Dark Age
Ending age
Imperial Age
RankedLock teamsTeams togetherTeam positionsShared explorationLock speedFull tech treeHidden civsTurbo modeCheats
Victory
Defeat
🇬🇧 Burgundians · United Kingdom
1804
+13
🇨🇴 Maya · Colombia
1731
-13
17_Neo_
0:27 Loom
10:39 Feudal Age
12:29 Fletching
15:48 Double-Bit Axe
22:59 Castle Age
21:31 Scale Mail Armor
21:25 Horse Collar
22:51 Forging
23:41 Squires
23:01 Pikeman
25:16 Heavy Plow
25:29 Bow Saw
27:23 Town Watch
43:22 Imperial Age
41:12 Hul'che Javelineers
41:49 Wheelbarrow
41:15 Heavy Plow
zz_Highway
4:31 Double-Bit Axe
6:37 Loom
9:16 Feudal Age
10:15 Bow Saw
12:27 Wheelbarrow
16:09 Fletching
18:07 Horse Collar
21:34 Castle Age
20:27 Gold Mining
21:36 Scale Barding Armor
24:24 Heavy Plow
25:34 Town Watch
26:18 Padded Archer Armor
28:37 Bodkin Arrow
29:37 Stone Mining
31:05 Coinage
31:52 Hand Cart
33:03 Redemption
36:46 Imperial Age
35:53 Two-Man Saw
35:49 Ballistics
35:44 Husbandry
37:12 Leather Archer Armor
38:27 Chemistry
38:13 Gold Shaft Mining
37:03 Elite Skirmisher
38:06 Conscription
38:43 Burgundian Vineyards
41:55 Crop Rotation
Connection lost

Rejoining the realm…

Still unreachable

The connection could not be restored.

Session expired

The server has moved on; the page needs a fresh start.